 Dungeon Crawl Stone Soup version 0.29.1-12-g30fa7ad0bf (webtiles) character file.

Game seed: 18336187246416869844

122 raph the Caller (level 4, -6/24 HPs)
             Began as a Deep Elf Summoner on Jan 1, 2023.
             Mangled by an iguana (12 damage)
             ... on level 4 of the Dungeon.
             The game lasted 00:08:45 (3518 turns).

raph the Caller (Deep Elf Summoner)                 Turns: 3518, Time: 00:08:45

Health: -6/24      AC:  5    Str:  5    XL:     4   Next: 78%
Magic:  3/12       EV: 12    Int: 26    God:
Gold:   76         SH:  0    Dex: 15    Spells: 2/11 levels left

rFire   . . .      SeeInvis +   r - +1 rapier
rCold   x . .      Faith    .   (no shield)
rNeg    + . .      Spirit   .   a - +0 robe
rPois   .          Reflect  .   g - +0 helmet
rElec   .          Harm     .   h - +0 cloak
rCorr   .          Rampage  .   e - +0 pair of gloves
Will    .....                   (no boots)
Stlth   ++........              (no amulet)
HPRegen 0.08/turn               d - ring "Iheuggei" {Fly rC- rN+ Int+4 SInv}
MPRegen 0.13/turn               (no ring)

@: weakened, flying
A: no striking features
a: no special abilities


You were on level 4 of the Dungeon.
You visited 1 branch of the dungeon, and saw 4 of its levels.

You collected 76 gold pieces.

Inventory:

Hand Weapons
 c - a +0 short sword
 f - a +0 dagger
 r - a +1 rapier (weapon)
Missiles
 m - 2 atropa-tipped darts
 p - 3 poisoned darts
Armour
 a - a +0 robe (worn)
 e - a +0 pair of gloves (worn)
 g - a +0 helmet (worn)
 h - a +0 cloak (worn)
Magical Staves
 j - a staff of air
 o - a staff of conjuration
Jewellery
 d - the ring "Iheuggei" (left hand) {Fly rC- rN+ Int+4 SInv}
   (You acquired it on level 3 of the Dungeon)

   [ring of flight]

   Int:       It affects your intelligence (+4).
   rC:        It makes you vulnerable to cold.
   rN:        It protects you from negative energy.
   SInv:      It lets you see invisible.
   Fly:       It grants you flight.
Scrolls
 k - a scroll of amnesia
Potions
 b - a potion of magic
 i - 2 potions of might
 q - a potion of resistance {unknown}


   Skills:
 - Level 2.4 Dodging
 - Level 2.4 Stealth
 + Level 4.4 Spellcasting
 + Level 1.2 Hexes
 * Level 6.0 Summonings


You had 2 spell levels left.
You knew the following spells:

 Your Spells              Type           Power      Damage    Failure   Level
a - Summon Small Mammal   Summ           100%       N/A       1%          1
b - Call Imp              Summ           37%        N/A       1%          2
c - Call Canine Familiar  Summ           37%        N/A       1%          3
d - Summon Guardian Gole  Hex/Summ       24%        N/A       5%          3

Your spell library contained the following spells:

 Spells                   Type           Power      Damage    Failure   Level
 Summon Lightning Spire   Summ/Air       21%        N/A       24%         4


Dungeon Overview and Level Annotations

Branches:
Dungeon (4/15)
 Temple: D:4-7

Altars:

Shops:
D:3 =

Annotations:
D:2 1 runed translucent door, Crazy Yiuf


Message History

The iguana bites your crimson imp.
Your crimson imp hits the iguana but does no damage.
Something closely misses your crimson imp.
Found a scroll labelled BEFOOKLU BAIT.
The iguana closely misses you.
You hit the iguana but do no damage.
The iguana is lightly wounded.
Your bat closely misses the iguana.
The iguana barely misses you.
You hit the iguana but do no damage.
The iguana is lightly wounded.
Your attacks no longer feel as feeble.
Your bat barely misses the iguana.
The iguana barely misses you.
You hit the iguana.
The iguana is moderately wounded.
Your bat closely misses the iguana.
The iguana bites you!
You hit the iguana.
The iguana is heavily wounded.
Your bat closely misses the iguana.
Your bat hits the iguana but does no damage.
The iguana barely misses you.
Your bat barely misses the iguana.
The iguana bites you.
You hit the iguana.
The iguana is heavily wounded.
Your bat hits the iguana but does no damage.
The iguana barely misses you.
You hit the iguana.
The iguana is severely wounded.
Your bat hits the iguana but does no damage. x2
You barely miss the iguana.
The iguana is severely wounded.
Your bat hits the iguana but does no damage. x2
The gnoll bouda gazes fiercely through you!
You feel your attacks grow feeble. The iguana bites you.
* * * LOW HITPOINT WARNING * * *
You closely miss the iguana.
The iguana is severely wounded.
Your bat hits the iguana but does no damage.
The iguana bites you!
Ouch! That really hurt!
You die...

#)# #)# #g#
#○# ####
##.##...## #
##........#.#
#...........?
##...5.b..#
##.#@....#
.......l..#.#
#####.#.### #
#+#.. .### .
. ..


You could see a gnoll bouda, an iguana (ally target), a friendly crimson imp
(summoned) and a friendly bat (summoned).

Vanquished Creatures
  A dart slug (D:2)
  A bat (D:2)
  A giant cockroach (D:3)
  4 goblins
  2 ball pythons
  3 kobolds
  A rat (D:2)
13 creatures vanquished.

Vanquished Creatures (collateral kills)
  2 gnolls (D:4)
  4 adders
  An orc (D:3)
  A bat (D:2)
  An endoplasm (D:1)
  4 giant cockroaches
  3 goblins
  4 hobgoblins
  4 kobolds
  3 ball pythons
  A frilled lizard (D:1)
  4 rats
32 creatures vanquished.

Vanquished Creatures (others)
  2 gnolls (D:4)
2 creatures vanquished.

Grand Total: 47 creatures vanquished

Notes
Turn   | Place    | Note
-------+----------+-------------------------------------------
     0 | D:1      | raph the Deep Elf Summoner began the quest for the Orb.
     0 | D:1      | Reached XP level 1. HP: 10/10 MP: 6/6
   223 | D:1      | Reached XP level 2. HP: 13/15 MP: 6/8
   266 | D:1      | Learned a level 2 spell: Call Imp
  1168 | D:1      | Reached skill level 5 in Summonings
  1766 | D:2      | Reached XP level 3. HP: 6/19 MP: 6/10
  2078 | D:1      | Learned a level 3 spell: Call Canine Familiar
  2082 | D:1      | Learned a level 3 spell: Summon Guardian Golem
  2717 | D:2      | Found a runed translucent door.
  2718 | D:2      | Noticed Crazy Yiuf
  2905 | D:3      | Found Ongulaf's Jewellery Boutique.
  3052 | D:3      | Identified a scroll of acquirement
  3052 | D:3      | Acquired the ring "Iheuggei" {Fly rC- rN+ Int+4 SInv}
  3172 | D:3      | Reached XP level 4. HP: 24/24 MP: 6/12
  3208 | D:3      | Noticed a nameless horror
  3338 | D:3      | Found a faded altar of an unknown god.
  3492 | D:4      | Reached skill level 1 in Hexes
  3492 | D:4      | Reached skill level 6 in Summonings
  3518 | D:4      | Mangled by an iguana

Illustrated notes

Levels and vault maps discovered:
D:1:      amcnicky_arrival_double_pillar, layout_basic, roderic_serpentine_path
D:2:      layout_basic, uniq_crazy_yiuf_cottage
D:3:      minmay_evil_eye, layout_loops_ring,
          dreamdust_ecumenical_altar_statues, serial_shops,
          nicolae_shop_statue_plus
D:4:      layout_loops_corners, kennysheep_mini_moat,
          minmay_temple_entry_stoned_glass, grunt_decor_fettered,
          minmay_surrounded

Skill      XL: |  1  2  3  4 |
---------------+-------------+-----
Summonings     | 5 6 |  6.0
Spellcasting   | 4 |  4.4
Hexes          | 1 |  1.2
Dodging        | |  2.4
Stealth        | |  2.4

Action                   |  1- 3 |  4- 6 || total
-------------------------+-------+-------++-------
Melee: Short sword       |     3 |       ||     3
       Unarmed           |     2 |       ||     2
       Dagger            |    51 |       ||    51
       Rapier            |     1 |    21 ||    22
       Punch             |       |     1 ||     1
 Cast: Summon Small Mamm |    29 |     3 ||    32
       Call Imp          |    12 |     4 ||    16
       Call Canine Famil |     4 |     3 ||     7
       Summon Guardian G |       |     4 ||     4
  Use: Scroll            |     7 |       ||     7
 Stab: Sleeping          |     2 |     1 ||     3
Armor: Robe              |    32 |     8 ||    40
Dodge: Dodged            |    50 |    20 ||    70
